 Dungeon Crawl Stone Soup version 0.29.0-4-gdea44cf6ec (webtiles) character file.

Game seed: 16213439968085371406

41 qw the Vexing (level 3, 0/35 HPs)
             Began as an Ogre Enchanter on Sept 4, 2022.
             Frozen to death by an endoplasm (1 damage)
             ... on level 2 of the Dungeon.
             The game lasted 00:01:03 (2092 turns).

qw the Vexing (Ogre Enchanter)                      Turns: 2092, Time: 00:01:04

Health: 0/35       AC:  3    Str: 14    XL:     3   Next: 52%
Magic:  6/6        EV:  9    Int: 16    God:
Gold:   87         SH:  0    Dex:  9    Spells: 6/6 levels left

rFire   . . .      SeeInvis .   Y - +0 whip
rCold   . . .      Faith    .   (no shield)
rNeg    . . .      Spirit   .   b - +0 robe
rPois   .          Reflect  .   (helmet restricted)
rElec   .          Harm     .   (no cloak)
rCorr   +          Rampage  .   (gloves unavailable)
Will    .....                   (boots unavailable)
Stlth   ++........              (no amulet)
HPRegen 0.11/turn               h - ring of resist corrosion
MPRegen 0.10/turn               (no ring)

@: no status effects
A: large, unfitting armour, tough skin 1
a: no special abilities


You were on level 2 of the Dungeon.
You visited 1 branch of the dungeon, and saw 2 of its levels.

You collected 87 gold pieces.


Innate Abilities, Weirdness & Mutations

You are too large for most types of armour.
You have tough skin. (AC +1)


   Skills:
 - Level 2.0 Fighting
 - Level 0.8 Short Blades
 + Level 2.4 Axes
 - Level 1.7 Dodging
 - Level 2.1 Stealth
 - Level 2.4 Spellcasting
 - Level 2.6 Hexes


You had 6 spell levels left.
You didn't know any spells.
Your spell library contained the following spells:

 Spells                   Type           Power      Damage    Failure   Level
 Ensorcelled Hibernation  Hex/Ice        12%        N/A       17%         2
 Confusing Touch          Hex            10%        N/A       21%         3
 Tukima's Dance           Hex            10%        N/A       21%         3
 Dazzling Flash           Conj/Hex       12%        N/A       34%         3

Inventory:

Hand Weapons
 Y - a +0 whip (weapon)
Armour
 b - a +0 robe (worn)
Jewellery
 e - a ring of wizardry
 h - a ring of resist corrosion (left hand)
Scrolls
 a - 2 scrolls of identify
 c - a scroll of amnesia {unknown}
 d - a scroll of vulnerability {unknown}
 g - a scroll of enchant armour
Potions
 f - 2 potions of curing
 k - a potion of flight {unknown}

Dungeon Overview and Level Annotations

Branches:
Dungeon (2/15)

Altars:


Message History

You barely miss the gnoll. The gnoll hits you with a +0 whip.
The endoplasm hits you.
You hit the gnoll but do no damage. The gnoll hits you with a +0 whip.
The endoplasm hits you but does no damage.
You hit the gnoll.
The gnoll is moderately wounded.
The gnoll barely misses you. The endoplasm freezes you.
You are frozen.
You hit the gnoll.
The gnoll is moderately wounded.
The gnoll closely misses you. The endoplasm freezes you.
You are frozen.
You closely miss the gnoll.
The gnoll is moderately wounded.
The gnoll barely misses you. The endoplasm closely misses you.
You hit the gnoll.
The gnoll is severely wounded.
The gnoll barely misses you. The endoplasm freezes you.
You are frozen.
You barely miss the gnoll.
The gnoll is severely wounded.
The gnoll hits you with a +0 whip. The endoplasm freezes you.
You are frozen.
You closely miss the gnoll.
The gnoll is severely wounded.
The gnoll hits you with a +0 whip. The endoplasm freezes you.
You are frozen.
You hit the gnoll.
The gnoll is almost dead.
A gnoll comes into view. It is wielding a +0 club.
The gnoll closely misses you. The endoplasm freezes you.
You are frozen.
You die...

#####.##.### ### #
.........# # #.$.#
#####.#### #.
#.#.### ####...#
#.##.#... .......#
###....g.#l#..
####...#
#.....lg..S... #
#...# #..# #S# #
#.%.####..###g# #
#.........##.@#
####....###..##J##.#
...................#
.............#####.#
.............# #
##.#.....###.#
#.#.........#
#.#%..#..##.#####
#.#...#...#.......


You could see 3 gnolls, an endoplasm, a ball python and a frilled lizard.

Vanquished Creatures
  2 dart slugs
  3 endoplasms
  2 giant cockroaches (D:1)
  4 goblins
  5 hobgoblins
  2 quokkas (D:2)
  4 ball pythons (D:1)
  2 bats
  3 frilled lizards (D:1)
  3 kobolds (D:1)
  5 rats
35 creatures vanquished.

Notes
Turn   | Place    | Note
-------+----------+-------------------------------------------
     0 | D:1      | qw the Ogre Enchanter began the quest for the Orb.
     0 | D:1      | Reached XP level 1. HP: 16/16 MP: 3/3
     0 | D:1      | 0 ||| qw: Version: 0.1-a-103-gd6f5d3a
     0 | D:1      | 0 ||| qw: Game counter: 5459
     0 | D:1      | 0 ||| qw: Always use a shield: true
     0 | D:1      | 0 ||| qw: God list: Okawaru
     0 | D:1      | 0 ||| qw: Allow faded altars: false
     0 | D:1      | 0 ||| qw: Do Orc after D:15 true
     0 | D:1      | 0 ||| qw: Do second Lair branch before Depths: true
     0 | D:1      | 0 ||| qw: Lair rune preference: random
     0 | D:1      | 0 ||| qw: Plans: Normal
     0 | D:1      | 0 ||| PLANNING D:1-11
   365 | D:1      | 365 ||| SWAPPING to +2 short sword of electrocution.
   366 | D:1      | 366 ||| DROPPING +1 dagger.
   381 | D:1      | Found a faded altar of an unknown god.
   439 | D:1      | Reached skill level 1 in Axes
   547 | D:1      | Reached skill level 1 in Fighting
   622 | D:1      | Reached XP level 2. HP: 27/27 MP: 5/5
   930 | D:1      | 930 ||| Stepping ~*~*~tactically~*~*~ (stealth).
   946 | D:1      | 946 ||| Stepping ~*~*~tactically~*~*~ (stealth).
   948 | D:1      | 948 ||| Stepping ~*~*~tactically~*~*~ (stealth).
   950 | D:1      | 950 ||| Stepping ~*~*~tactically~*~*~ (stealth).
   951 | D:1      | 951 ||| Stepping ~*~*~tactically~*~*~ (stealth).
  1166 | D:1      | Reached XP level 3. HP: 19/35 MP: 6/6
  1448 | D:1      | 1448 ||| UPGRADING to ring of resist corrosion.
  1449 | D:1      | 1449 ||| READING scroll labelled AJAMMI JIUJA.
  1452 | D:1      | 1452 ||| READING scroll labelled TONTEM SYSIOST.
  1453 | D:1      | 1453 ||| READING 2 scrolls labelled KYARUS DEUKES.
  1454 | D:1      | 1454 ||| READING scroll labelled QEV TOBBEP.
  1497 | D:1      | 1497 ||| SWAPPING to +0 whip.
  1498 | D:1      | 1498 ||| DROPPING +2 vorpal short sword.
  1499 | D:1      | 1499 ||| READING scroll labelled MAAMMU ENWI.
  1600 | D:1      | 1600 ||| DRINKING 3 coppery potions.
  1601 | D:1      | 1601 ||| DROPPING 2 potions of invisibility.
  2079 | D:2      | 2079 ||| Stepping ~*~*~tactically~*~*~ (stealth).
  2082 | D:2      | 2082 ||| Stepping ~*~*~tactically~*~*~ (stealth).
  2090 | D:2      | HP: 7/35 [frozen (5)]
  2091 | D:2      | HP: 2/35 [gnoll/+0 whip (5)]
  2092 | D:2      | Frozen to death by an endoplasm

Levels and vault maps discovered:
D:1:      lemuel_arrival_cross, layout_basic,
          hellmonk_ecumenical_altar_leap_of_faith
D:2:      layout_loops_cross

Skill      XL: |  1  2  3 |
---------------+----------+-----
Axes           | 1 2 |  2.4
Fighting       | 1 2 |  2.0
Short Blades   | |  0.8
Dodging        | |  1.7
Stealth        | |  2.1
Spellcasting   | |  2.4
Hexes          | |  2.6

Action                   || total
-------------------------++-------
Melee: Dagger            ||    21
       Short sword       ||    62
       Whip              ||    70
       Punch             ||     1
  Use: Scroll            ||     5
       Potion            ||     1
Armor: Robe              ||    41
Dodge: Dodged            ||    80

Table legend:
 A = Non-vault XP
 B = Vault XP
 C = Vault XP percentage of total XP
 D = Non-vault monster count
 E = Vault monster count
 F = Vault count percentage of total count
                 A         B        C        D         E       F
            +---------+---------+-------+---------+---------+-------
      Total |      59 |       0 |   0.0 |      35 |       0 |   0.0
            +---------+---------+-------+---------+---------+-------
        D:1 |      41 |       0 |   0.0 |      25 |       0 |   0.0
        D:2 |      18 |       0 |   0.0 |      10 |       0 |   0.0
            +---------+---------+-------+---------+---------+-------
